Map: [ESL] Gresvan

Players

Clem

  • Race: Terran Terran
  • Spawn Location: 5:00

Neeb - Winner!

  • Race: Protoss Protoss
  • League: Diamond
  • Spawn Location: 11:00

Event: IEM Katowice 2023

VOD

Have the link to the VOD?

Description

Time

  • Played on: Feb. 10, 2023, 7:37 a.m.
  • Length: 6:48

All games in this series

Show
View Real Time Build Order
Export as new Build Order

Clem Terran 

Build Orders:  

Get SALT Encoding   

  12  0:00  SCV  
  13  0:12  SCV  
  14  0:17  Supply Depot  
  14  0:24  SCV  
  15  0:39  SCV  
  15  0:40  Barracks  
  16  0:43  Refinery  
  16  0:51  SCV  
  17  1:03  SCV  
  18  1:15  SCV  
  19  1:26  Marine  
  19  1:27  Orbital Command  
  20  1:41  Command Center  
  20  1:52  Factory  
  20  1:56  SCV  
  21  2:03  Barracks Reactor  
  21  2:07  Bunker  
  21  2:10  SCV  
  22  2:17  Supply Depot  
  22  2:22  SCV  
  23  2:35  Refinery  
  23  2:38  SCV  
  23  2:41  Starport  
  23  2:44  Hellion  
  26  2:49  Hellion  
  29  2:56  Starport  
  29  2:58  SCV  
  29  3:00  Orbital Command  
  29  3:04  Barracks Tech Lab  
  29  3:10  SCV  
  30  3:22  SCV  
  30  3:26  Siege Tank  
  35  3:28  Marine x2  
  35  3:33  Supply Depot  
  37  3:34  SCV  
  37  3:38  Viking  
  38  3:41  SCV  
  38  3:46  SCV  
  40  3:48  Marine  
  40  3:51  Marine  
  40  3:53  SCV  
  43  3:58  SCV  
  43  4:01  Siege Tank  
  45  4:05  SCV  
  45  4:09  Marine x2  
  46  4:11  SCV  
  46  4:14  Supply Depot  
  47  4:18  SCV  
  47  4:20  Viking  
  47  4:23  SCV  
  51  4:27  Marine x2  
  51  4:30  SCV  
  54  4:31  Barracks  
  54  4:36  SCV  
  55  4:38  Supply Depot  
  55  4:42  SCV  
  55  4:45  Marine x2  
  58  4:49  SCV  
  59  4:52  Barracks  
  59  4:56  SCV  
  60  5:01  Factory Tech Lab  
  60  5:02  Engineering Bay  
  60  5:03  Marine x2  
  62  5:07  Supply Depot  
  62  5:08  Raven  
  62  5:09  SCV  
  62  5:10  SCV  
  66  5:20  Marine x2  
  67  5:22  SCV x2  
  67  5:25  Marine  
  68  5:32  Supply Depot  
  68  5:34  SCV x2  
  69  5:36  Refinery  
  69  5:39  Marine x2  
  71  5:45  Marauder  
  71  5:46  SCV x2  
  71  5:48  Supply Depot  
  75  5:54  Refinery  
  75  5:57  Marine x2  
  75  5:58  Factory Reactor, SCV x2, Starport Reactor  
  75  6:03  Supply Depot  
  78  6:06  Marine  
  78  6:10  SCV x2  
  74  6:15  Marine x2  
  65  6:22  SCV x2  
  65  6:24  Marine x2  
  56  6:34  SCV x2  
Show
View Real Time Build Order
Export as new Build Order

Neeb Protoss - Winner!

Build Orders: 1 Gate Expand 

Get SALT Encoding   

  12  0:00  Probe  
  13  0:12  Probe  
  14  0:17  Pylon  
  14  0:24  Probe (Chrono Boost)  
  16  0:36  Gateway, Probe (Chrono Boost)  
  16  0:43  Probe (Chrono Boost)  
  16  0:46  Assimilator  
  17  0:51  Probe  
  18  1:03  Probe  
  19  1:15  Probe  
  20  1:22  Nexus  
  20  1:31  Cybernetics Core  
  20  1:34  Probe  
  20  1:39  Assimilator  
  21  1:46  Probe  
  22  1:51  Pylon  
  22  1:59  Probe (Chrono Boost)  
  23  2:06  Adept (Chrono Boost)  
  23  2:11  Probe (Chrono Boost), Robotics Facility  
  26  2:16  Probe (Chrono Boost)  
  26  2:20  Warp Gate  
  27  2:27  Probe  
  27  2:29  Adept  
  30  2:34  Probe  
  31  2:39  Probe  
  32  2:45  Gateway  
  32  2:46  Probe  
  33  2:51  Probe  
  34  2:59  Immortal (Chrono Boost)  
  38  3:06  Probe x2  
  38  3:12  Pylon  
  40  3:19  Probe x2  
  42  3:31  Probe x2, Observer  
  45  3:37  Gateway  
  45  3:40  Gateway  
  45  3:43  Probe  
  45  3:44  Pylon  
  46  3:48  Probe  
  46  3:49  Twilight Council  
  46  3:52  Observer  
  45  3:56  Probe (Chrono Boost)  
  45  3:59  Observer  
  45  4:00  Probe (Chrono Boost)  
  46  4:08  Probe (Chrono Boost)  
  47  4:12  Probe (Chrono Boost)  
  47  4:15  Immortal  
  47  4:16  Probe (Chrono Boost)  
  53  4:19  Pylon  
  54  4:26  Stalker x2  
  54  4:30  Pylon  
  57  4:33  Charge (Chrono Boost), Probe x2  
  57  4:35  Assimilator  
  57  4:37  Assimilator  
  58  4:45  Probe  
  59  4:48  Probe  
  59  4:52  Gateway  
  60  4:53  Gateway  
  60  5:00  Gateway  
  60  5:01  Gateway  
  60  5:03  Sentry  
  62  5:08  Gateway  
  62  5:12  Gateway  
  62  5:15  Pylon  
  62  5:34  Warp Prism  
  62  5:38  Templar Archives  
  60  5:44  Zealot  
  60  5:45  Zealot x3  
  68  5:50  Zealot x2  
  68  5:56  Zealot x2  
  76  6:05  Zealot x4  
  70  6:12  Zealot x3  
  66  6:29  Zealot x5  
  72  6:33  Zealot  
  72  6:39  Zealot x2  
  70  6:44  Zealot  

Tags
 
Add a new tag
Caveats
  • Supply blocks, unpowered buildings, or Contaminate may cause inaccurate times.
  • Supply counts are checked every 10 seconds.